 Dungeon Crawl Stone Soup version 0.31-a0-672-g7da72447bb (webtiles) character file.

Game seed: 6986047142328490934

1323 Xavori the Sneak (level 8, -1/60 HPs)
             Began as an Octopode Chaos Knight on Sept 4, 2023.
             Was a Plaything of Xom.
             Slain by a gnoll sergeant
             ... wielding a +0 spear
              (9 damage)
             ... on level 5 of the Dungeon.
             The game lasted 00:04:03 (7613 turns).

Xavori the Sneak (Octopode Chaos Knight)            Turns: 7613, Time: 00:04:04

Health: -1/60      AC:  3    Str: 15    XL:     8   Next: 59%
Magic:  8/8        EV: 14    Int: 17    God:    Xom [....*.]
Gold:   245        SH:  0    Dex: 12    Spells: 7/7 levels left

rFire   + . .        q - +5 dagger "Xozi" {flame, Int+3}
rCold   . . .        (no shield)
rNeg    . . .        (helmet restricted)
rPois   .            p - amulet of the acrobat
rElec   .            s - ring of protection from fire
rCorr   .            a - ring of see invisible
SInv    +            (no ring)
Will    .....        (no ring)
Stlth   ++++++       (no ring)
HPRegen 0.30/turn    (no ring)
MPRegen 0.11/turn    (no ring)
                     (no ring)

%: acrobat, clarity
@: no status effects
A: almost no armour, amphibious, 8 rings, camouflage 2, gelatinous body 1,
(nimble swimmer 1), tentacles, iridescent scales 1, clarity, robust 1, screaming
1, strong 1, wild magic 1, MP-powered wands, noise suppression
a: Renounce Religion


You were on level 5 of the Dungeon.
You worshipped Xom.
You were a beloved toy of Xom.
You visited 1 branch of the dungeon, and saw 5 of its levels.

You collected 245 gold pieces.

Inventory:

Hand Weapons
 q - the +5 dagger "Xozi" (weapon) {flame, Int+3}
   (You found it on level 5 of the Dungeon)

   Int+3:     It affects your intelligence (+3).
Jewellery
 a - a ring of see invisible (right tentacle)
 f - a ring of ice
 p - an amulet of the acrobat (around mantle)
 s - a ring of protection from fire (left tentacle)
Wands
 k - a wand of polymorph (13)
Scrolls
 b - a scroll of butterflies
 g - a scroll of vulnerability {unknown}
 h - 2 scrolls of noise {unknown}
 j - 2 scrolls of teleportation
 l - a scroll of immolation
 n - 2 scrolls of poison
Potions
 c - 2 potions of curing
 d - a potion of might {unknown}
 i - a potion of degeneration {unknown}
 m - a potion of enlightenment {unknown}
 o - 2 potions of attraction {unknown}
 r - a potion of cancellation {unknown}
 t - a potion of lignification {unknown}


   Skills:
 + Level 5.1 Fighting
 + Level 6.6 Short Blades
 + Level 5.0 Dodging
 + Level 7.8 Stealth


You had 7 spell levels left.
You didn't know any spells.
Your spell library contained the following spells:

 Spells                   Type           Power      Damage    Failure   Level
 Ensorcelled Hibernation  Hex/Ice        0%         N/A       43%         2
 Passwall                 Tmut/Erth      0%         N/A       43%         2
 Poisonous Vapours        Pois/Air       0%         N/A       43%         2
 Gell's Gravitas          Tloc           0%         N/A       65%         3
 Mephitic Cloud           Conj/Pois/Air  0%         N/A       65%         3
 Ozocubu's Armour         Ice            0%         N/A       65%         3
 Swiftness                Air            0%         N/A       65%         3
 Teleport Other           Tloc           0%         N/A       65%         3
 Freezing Cloud           Conj/Ice/Air   0%         6-21      100%        5
 Dispersal                Tloc           0%         N/A       100%        6
 Ozocubu's Refrigeration  Ice            0%         4d7       100%        7


Dungeon Overview and Level Annotations

Branches:
Dungeon (5/15)             Temple (0/1) D:5

Altars:
Uskayaw
Xom


Innate Abilities, Weirdness & Mutations

You cannot wear most types of armour.
You are amphibious.
You can wear up to eight rings at the same time.
Your skin blends seamlessly with your surroundings (Stealth++).
Your rubbery body absorbs attacks. (AC +1, EV +1)
((You are camouflaged when in or above water. (Stealth+)))
You have tentacles for arms and can constrict up to eight enemies at once.
You are partially covered in iridescent scales. (AC +2)
You possess an exceptional clarity of mind.
You are robust. (+10% HP)
You occasionally shout uncontrollably at your foes.
Your muscles are strong. (Str +4, Int/Dex -1)
Your spells are a little harder to cast, but a little more powerful.
You expend magic power (3 MP) to strengthen your wands.
You passively dampen the noise of your surroundings.


Message History

Your quasit bites Pikel.
Your quasit claws Pikel.
Your quasit claws Pikel but does no damage.
Your gnoll sergeant barely misses Pikel.
Pikel hits your iron imp with a +1 whip of freezing.
The gnoll closely misses your crimson imp.
Your iron imp hits Pikel.
Your iron imp's attack snaps Pikel out of his fear.
Unknown command.
Unknown command.
You hit Pikel. You grab Pikel. You squeeze Pikel.
You kill Pikel!
With Pikel's spell broken, his former minion thanks you for its freedom.
The lemure departs this earthly plane.
Your iron imp hits the gnoll!
Your iron imp's attack snaps the gnoll out of its fear.
Your crimson imp hits the gnoll.
The gnoll closely misses your iron imp.
Your gnoll sergeant barely misses the gnoll.
Your Fighting skill increases to level 5!
Your Stealth skill increases to level 7!
Unknown command.
Your iron imp hits the gnoll!
The gnoll dies!
Your crimson imp hits the gnoll but does no damage.
Your gnoll sergeant closely misses the gnoll.
Your Dodging skill increases to level 5!
You start resting.
Your iron imp disappears in a puff of smoke!
You feel a bit more experienced.
You start resting.
Your quasit disappears in a puff of smoke!
Your iron imp disappears in a puff of smoke!
Your crimson imp disappears in a puff of smoke!
The gnoll sergeant is no longer charmed.
The gnoll sergeant hits you with a +0 spear!
* * * LOW HITPOINT WARNING * * *
Unknown command.
Okay, then.
You feel better.
The gnoll sergeant hits you with a +0 spear!
You die...
Xom laughs nastily!

#.......ยง.....
#....)..)$....
##..).....(...
#....!.)......
#....)........
###..........#.#
####........$...#.
........g..........
#.....#@.......##.#
#....#.......## #
.#..#..###.### ###...#
#.# #.# . #....# #.# #.#
#. #...)###.# #.# #..
....#.....#.# #.# #.#
.....##.#.#.#####.# #..
...............##.####..


You could see a gnoll sergeant.

Vanquished Creatures
  Pikel (D:5)
  A water moccasin (D:5)
  An orc warrior (D:4)
  2 lemures (D:5)
  A bullfrog (D:4)
  A scorpion (D:4)
  3 orc priests (D:3)
  A hound (D:4)
  3 sleepcaps
  An iguana (D:3)
  An orc wizard (D:5)
  5 adders
  2 worms
  A dart slug (D:5)
  12 orcs
  3 ball pythons
  3 endoplasms
  5 giant cockroaches
  6 goblins
  7 hobgoblins
  7 jackals (D:2)
  5 kobolds
  4 quokkas
  4 bats
  5 frilled lizards
  19 rats
104 creatures vanquished.

Vanquished Creatures (collateral kills)
  A lemure (D:5)
  An orc priest (D:5)
  3 orc wizards (D:5)
  5 gnolls (D:5)
  5 orcs (D:5)
15 creatures vanquished.

Grand Total: 119 creatures vanquished

Notes
Turn   | Place    | Note
-------+----------+-------------------------------------------
     0 | D:1      | Xavori the Octopode Chaos Knight began the quest for the
                  | Orb.
     0 | D:1      | Reached XP level 1. HP: 16/16 MP: 1/1
   197 | D:1      | Found a faded altar of an unknown god.
   204 | D:1      | Reached XP level 2. HP: 18/21 MP: 2/2
   266 | D:1      | XOM: silly message
   303 | D:1      | XOM: silly message
  1505 | D:1      | XOM is BORED!
  1516 | D:1      | XOM: silly message
  1889 | D:1      | XOM: silly message
  2179 | D:1      | XOM: give mutations
  2179 | D:1      | Gained mutation: You are robust. (+10% HP) [Xom's mischief]
  2179 | D:1      | Gained mutation: You are very robust. (+20% HP) [Xom's
                  | mischief]
  2179 | D:1      | Gained mutation: You are partially covered in iridescent
                  | scales. (AC +2) [Xom's mischief]
  2179 | D:1      | Lost mutation: You are very robust. (+20% HP) [Xom's
                  | mischief]
  2341 | D:1      | XOM: god gift: giant spiked club {god gift}
  2382 | D:1      | XOM: summons 2 hostile demons
  2891 | D:1      | XOM: give mutations
  2891 | D:1      | Gained mutation: Your spells are a little harder to cast,
                  | but a little more powerful. [Xom's grace]
  2891 | D:1      | Gained mutation: You expend magic power (3 MP) to
                  | strengthen your wands. [Xom's grace]
  2891 | D:1      | Gained mutation: You possess an exceptional clarity of
                  | mind. [Xom's grace]
  2891 | D:1      | Gained mutation: Your muscles are strong. (Str +4, Int/Dex
                  | -1) [Xom's grace]
  3281 | D:1      | XOM: torment (13/23 hp)
  3629 | D:1      | XOM: give mutations
  3629 | D:1      | Gained mutation: You occasionally shout uncontrollably at
                  | your foes. [Xom's mischief]
  3629 | D:1      | Gained mutation: You are dopey. (Int -2) [Xom's mischief]
  3629 | D:1      | Gained mutation: You passively dampen the noise of your
                  | surroundings. [Xom's mischief]
  3856 | D:2      | Reached XP level 3. HP: 28/28 MP: 3/3
  3875 | D:2      | Reached skill level 1 in Stealth
  3973 | D:2      | XOM: enchant monster (bad)
  4160 | D:2      | Reached XP level 4. HP: 30/34 MP: 4/4
  4222 | D:2      | Reached skill level 2 in Stealth
  4739 | D:3      | XOM: cast spell 'Call Canine Familiar'
  4743 | D:3      | Reached skill level 3 in Stealth
  4743 | D:3      | Reached XP level 5. HP: 26/40 MP: 5/5
  5533 | D:3      | Reached skill level 4 in Stealth
  5784 | D:4      | Reached XP level 6. HP: 37/47 MP: 6/6
  5918 | D:4      | Noticed an orc warrior
  5935 | D:4      | Killed an orc warrior
  6041 | D:4      | Reached skill level 5 in Short Blades
  6041 | D:4      | Reached skill level 5 in Stealth
  6300 | D:4      | XOM: 1-stop teleportation journey
  6398 | D:4      | Reached XP level 7. HP: 52/52 MP: 7/7
  6765 | D:4      | XOM: cloud trail
  6850 | D:4      | Found a hide-covered altar of Uskayaw.
  6877 | D:4      | XOM: cloud trail
  6956 | D:4      | XOM: scenery: summon butterflies
  6966 | D:4      | XOM: scenery: create altars
  7101 | D:5      | Entered Level 5 of the Dungeon
  7157 | D:5      | Identified the +5 dagger "Xozi" {flame, Int+3}
  7201 | D:5      | XOM: give mutations
  7201 | D:5      | Lost mutation: You are dopey. (Int -2) [Xom's grace]
  7201 | D:5      | Gained mutation: Your skin blends seamlessly with your
                  | surroundings (Stealth++). [Xom's grace]
  7269 | D:5      | XOM: summons 7 friendly demons
  7272 | D:5      | Reached skill level 6 in Stealth
  7376 | D:5      | XOM: scenery: summon butterflies
  7403 | D:5      | XOM: god gift: book of Vapours
  7457 | D:5      | Found a staircase to the Ecumenical Temple.
  7562 | D:5      | XOM: summons 7 friendly demons
  7563 | D:5      | Noticed Pikel
  7574 | D:5      | XOM: enchant monster (good)
  7576 | D:5      | Reached XP level 8. HP: 55/59 MP: 8/8
  7578 | D:5      | XOM: god gift: inky potion {god gift}
  7584 | D:5      | Killed Pikel
  7585 | D:5      | Reached skill level 5 in Fighting
  7585 | D:5      | Reached skill level 7 in Stealth
  7586 | D:5      | Reached skill level 5 in Dodging
  7612 | D:5      | HP: 2/60 [gnoll sergeant/+0 spear (12)]
  7613 | D:5      | Slain by a gnoll sergeant

Illustrated notes

Levels and vault maps discovered:
D:1:      giann_horns, layout_basic, ebering_ecumenical_altar_rust
D:2:      layout_loops_ring, minmay_rat_hole
D:3:      cheibrodos_old_hovel, layout_basic
D:4:      layout_layer_cave, mainiacjoe_overflow_alcove_4
D:5:      layout_rooms, minmay_temple_entry_trees, st_stairs_5,
          minmay_misc_feat_chi, uniq_pikel

Skill      XL: |  1  2  3  4  5  6  7  8 |
---------------+-------------------------+-----
Stealth        | 1 3 4 5 6 7 |  7.8
Short Blades   | 4 5 6 |  6.6
Dodging        | 3 4 5 |  5.0
Fighting       | 4 5 |  5.1

Action                     |  1- 3 |  4- 6 |  7- 9 || total
---------------------------+-------+-------+-------++-------
  Melee: Short sword       |    92 |   100 |    14 ||   206
         Tentacles         |    17 |    34 |    10 ||    61
         Constrict         |    22 |    29 |    13 ||    64
         Punch             |       |     2 |     2 ||     4
         Dagger            |       |       |    38 ||    38
    Use: Scroll            |       |     4 |     2 ||     6
         Potion            |       |       |     2 ||     2
   Stab: Sleeping          |     5 |     5 |     2 ||    12
 Armour: Skin              |    39 |    29 |    35 ||   103
  Dodge: Dodged            |    44 |    41 |    33 ||   118

Table legend: (Time is in decaauts)
 A = Elapsed time spent in this place.
 B = Non-inter-level travel time spent in this place.
 C = Inter-level travel time spent in this place.
 D = Time resting spent in this place.
 E = Time spent auto-exploring this place.
 F = Levels seen in this place.
 G = Mean time per level.
                   A        B        C        D        E       F      G
               +--------+--------+--------+--------+--------+-----+--------+
         Total |   7561 |   7484 |     77 |   3564 |   3322 |   5 | 1512.2 |
       Dungeon |   7561 |   7484 |     77 |   3564 |   3322 |   5 | 1512.2 |
               +--------+--------+--------+--------+--------+-----+--------+

Top non-repeatable levels by time:
     D:1: 3484 daAuts
     D:4: 1222 daAuts
     D:2: 1204 daAuts
     D:3: 1151 daAuts
     D:5: 497 daAuts
